 Dungeon Sprint DCSS version 0.26-a0-835-g8259106e14 (webtiles) character file.

Game seed: 14353741496859596062

5793 sahdkjhfkaj the Severer (level 10, -3/101 HPs)
             Began as a Minotaur Monk on Nov 18, 2020.
             Was the Champion of Makhleb.
             Slain by a vampire mage (6 damage)
             ... in the Dungeon (Sprint V: "Ziggurat Sprint").
             The game lasted 00:02:48 (813 turns).

sahdkjhfkaj the Severer (Minotaur Monk)              Turns: 813, Time: 00:02:48

Health: -3/101     AC: 23    Str: 22    XL:     10   Next: 50%
Magic:  9/9        EV: 12    Int:  7    God:    Makhleb [******]
Gold:   0          SH:  0    Dex: 22    Spells: 9/9 levels left

rFire    + . .     SeeInvis .   a - +5 executioner's axe
rCold    + . .     Faith    .   (shield currently unavailable)
rNeg     . . .     Spirit   .   l - +5 gold dragon scales
rPois    +         Reflect  .   (helmet restricted)
rElec    .         Harm     .   (no cloak)
rCorr    .         Rampage  .   (no gloves)
MR       .....     NoTele   +   (no boots)
Stlth    ..........             (no amulet)
HPRegen  0.26/turn              z - +6 ring of strength
MPRegen  0.11/turn              v - +6 ring of dexterity

@: confused
A: retaliatory headbutt, horns 2
a: Minor Destruction, Lesser Servant of Makhleb, Major Destruction, Greater
Servant of Makhleb, Renounce Religion


You were in the Dungeon.
You worshipped Makhleb.
Makhleb was exalted by your worship.
You visited 1 branch

Inventory:

Hand Weapons
 a - a +5 executioner's axe (weapon)
Armour
 l - +5 gold dragon scales (worn)
Jewellery
 t - an uncursed ring of flight
 u - a +6 ring of dexterity
 v - a +6 ring of dexterity (right hand)
 w - a +6 ring of intelligence
 x - a +6 ring of intelligence
 y - a +6 ring of strength
 z - a +6 ring of strength (left hand)
Wands
 A - a wand of disintegration (7)
 B - a wand of iceblast (7)
 C - a wand of acid (7)
Scrolls
 b - a scroll of brand weapon {!r}
 h - 4 scrolls of blinking {!r}
 n - 4 scrolls of amnesia {!r}
 o - 7 scrolls of fog {!r}
 p - a scroll of holy word {!r}
 q - 5 scrolls of identify {!r}
 r - 5 scrolls of remove curse {!r}
 s - 2 scrolls of fear {!r}
Potions
 c - 9 potions of curing {!q}
 d - 8 potions of heal wounds {!q}
 e - 4 potions of haste {!q}
 f - 7 potions of magic {!q}
 g - 3 potions of berserk rage {!q}
 i - 2 potions of brilliance {!q}
 j - a potion of invisibility {!q}
 k - 3 potions of resistance {!q}
 m - 4 potions of might {!q}
Miscellaneous
 D - a lightning rod (4/4)
 E - a condenser vane
 F - a tin of tremorstones (2/2)


   Skills:
 + Level 13.2 Fighting
 * Level 18.9 Axes
 + Level 12.7 Armour
 + Level 12.2 Dodging
 - Level 1.5 Stealth


You had 9 spell levels left.
You didn't know any spells.
Your spell library was empty.

Dungeon Overview and Level Annotations

Branches:
Dungeon (1/1)

Altars:
Ashenzari
Cheibriados
Dithmenos
Elyvilon
Fedhas
Gozag
Hepliaklqana
Kikubaaqudgha
Makhleb
Nemelex Xobeh
Okawaru
Qazlal
Ru
Sif Muna
Trog
Uskayaw
Vehumet
Wu Jian
Xom
Yredelemnul
Zin
The Shining One
Beogh
Jiyva
Lugonu

Annotations:
D 1 transporter


Innate Abilities, Weirdness & Mutations

You reflexively headbutt those who attack you in melee.
You have a pair of horns on your head.


Message History

Unknown command.
Unknown command.
You're too confused!
Really quaff
c - 10 potions of curing {!q}?
You feel better. The jiangshi claws you!
* * * LOW HITPOINT WARNING * * *
The jiangshi draws strength from your injuries!
The jiangshi claws you but does no damage.
The vampire casts a spell at you.
You are confused.
Something hits you.
* * * LOW HITPOINT WARNING * * *
Something bites you but does no damage. Something hits you!
* * * LOW HITPOINT WARNING * * *
Something bites you but does no damage. The mummy hits you.
* * * LOW HITPOINT WARNING * * *
Something hits you but does no damage. Something bites you.
You die...

▓▓▓▓▓▓▓▓▓▓▓▓▓▓▓▓▓▓▓
▓...8©8...▓...8©8...▓
▓.§☼§☼°[..▓..)."||..▓
▓.§§§§§}..▓...|})"..▓
▓.§§§§☼§§§▓.........▓
▓.☼§§☼°○§§▓.........▓
▓.☼§ZZ§§§○▓...).)...▓
▓..§{{V§..▓...)†....▓
▓...V@.z..▓.▓.....▓.▓
▓.▓.V.M.▓.▓....©....▓
▓....©....▓▓▓▓▓▓▓▓▓▓▓
▓▓▓▓▓▓▓▓▓▓▓


You could see 2 jiangshi, a vampire, a mummy (summoned), a wight (summoned), a
necromancer simulacrum and a bat zombie (summoned).

Vanquished Creatures
  A death scarab (D)
  3 necromancers (D)
  A guardian mummy (D)
  2 hornets (D)
  7 spriggans (D)
  A yak (D)
  A flying skull (D)
  Sigmund (D)
  2 shadows (D)
  An orc warrior (D)
  2 black bears (D)
  A necrophage (D)
  7 wolves (D)
  A bullfrog (D)
  Blork the orc (D)
  Dowan (D)
  A wight (D)
  Crazy Yiuf (D)
  2 orc priests (D)
  Jessica (D)
  2 iguanas (D)
  2 orc wizards (D)
  3 mummies (D)
  4 river rats (D)
  A shadow imp (D)
  A white imp (D)
  2 adder skeletons (D)
  3 orcs (D)
  2 bat skeletons (D)
  A bat zombie (D)
  2 jackals (D)
  A ball python skeleton (D)
62 creatures vanquished.

Notes
Turn   | Place    | Note
-------+----------+-------------------------------------------
     0 | D        | sahdkjhfkaj the Minotaur Monk began the quest for the Orb.
     0 | D        | Reached XP level 1. HP: 19/19 MP: 0/0
     0 | D        | Found a shimmering blue altar of Sif Muna.
     0 | D        | Found a sacrificial altar of Ru.
     0 | D        | Found a bloodstained altar of Trog.
     0 | D        | Found a stormy altar of Qazlal.
     0 | D        | Found an iron altar of Okawaru.
     0 | D        | Found a sparkling altar of Nemelex Xobeh.
     0 | D        | Found a blossoming altar of Fedhas.
     1 | D        | Found the +6 Majin-Bo {vamp, MP+6 Int+6}
     1 | D        | Found the +9 heavy crossbow "Sniper" {vorpal, Acc+∞ SInv}
     1 | D        | Found the +10 dark maul {vorpal}
     1 | D        | Found the +15 Maxwell's patent armour {-Cast -Tele rElec
                  | MR+ rCorr}
     1 | D        | Found the +18 shield of the Gong {rElec rN+ MR+ EV-5}
     1 | D        | Found the cursed +14 obsidian axe {vorpal, +Fly SInv
                  | *Curse}
     1 | D        | Found the +7 great mace "Firestarter" {inner flame, rF++}
     1 | D        | Found the +6 shillelagh "Devastator" {shatter}
     1 | D        | Found the +11 plutonium sword {*Contam Stlth-}
     1 | D        | Found the +8 lance "Wyrmbane" {slay drac, rPois rF+ rC+
                  | AC+3}
     1 | D        | Found the +9 sword of Zonguldrok {reap}
     1 | D        | Found the cursed +13 scythe of Curses {drain, *Curse}
     1 | D        | Found the +0 sword of Power
     1 | D        | Found the +7 mace of Variability {chain chaos}
     1 | D        | Found the +7 Singing Sword {vorpal, sonic wave}
     1 | D        | Found the +8 storm bow {elec, penet}
     2 | D        | Found a transporter.
     2 | D        | Found an ancient bone altar of Kikubaaqudgha.
     2 | D        | Found a viscous altar of Jiyva.
     2 | D        | Found a corrupted altar of Lugonu.
     2 | D        | Found a hazy altar of Hepliaklqana.
     2 | D        | Found a burning altar of Makhleb.
     2 | D        | Found an opulent altar of Gozag.
    53 | D        | Reached skill level 9 in Axes
    53 | D        | Reached XP level 2. HP: 26/26 MP: 1/1
    63 | D        | Became a worshipper of Makhleb the Destroyer
    63 | D        | Reached * piety under Makhleb
    63 | D        | Reached ** piety under Makhleb
    98 | D        | Entered arena 2.
    98 | D        | Found a transporter.
   103 | D        | Reached skill level 1 in Armour
   166 | D        | Entered arena 3.
   166 | D        | Noticed a yak
   166 | D        | Found a transporter.
   171 | D        | Reached skill level 10 in Axes
   171 | D        | Reached XP level 3. HP: 33/33 MP: 2/2
   171 | D        | Killed a yak
   171 | D        | Reached *** piety under Makhleb
   172 | D        | Reached skill level 11 in Axes
   172 | D        | Reached skill level 5 in Dodging
   172 | D        | Reached XP level 4. HP: 44/44 MP: 3/3
   172 | D        | Reached XP level 5. HP: 50/50 MP: 4/4
   180 | D        | Entered arena 4.
   180 | D        | Noticed a wolf
   180 | D        | Found a transporter.
   183 | D        | Killed a wolf
   184 | D        | Reached skill level 12 in Axes
   184 | D        | Reached skill level 5 in Armour
   184 | D        | Reached XP level 6. HP: 58/58 MP: 5/5
   184 | D        | Reached **** piety under Makhleb
   191 | D        | Entered arena 5.
   191 | D        | Found a transporter.
   195 | D        | Reached skill level 13 in Axes
   201 | D        | Entered arena 6.
   201 | D        | Noticed Sigmund
   201 | D        | Noticed Jessica
   201 | D        | Noticed Blork the orc
   201 | D        | Noticed Crazy Yiuf
   201 | D        | Noticed Dowan
   201 | D        | Found a transporter.
   203 | D        | Killed Dowan
   204 | D        | Killed Crazy Yiuf
   204 | D        | Reached ***** piety under Makhleb
   205 | D        | Killed Jessica
   206 | D        | Reached XP level 7. HP: 68/68 MP: 6/6
   207 | D        | Killed Blork the orc
   211 | D        | Killed Sigmund
   212 | D        | Reached skill level 14 in Axes
   322 | D        | Entered arena 7.
   322 | D        | Noticed a spriggan
   322 | D        | Noticed a spriggan
   322 | D        | Noticed a spriggan
   322 | D        | Noticed a spriggan
   323 | D        | Identified the +7 hand axe of Qaufid {vorpal, +Inv rElec
                  | rPois Str-5}
   323 | D        | Found a transporter.
   327 | D        | Killed a spriggan
   329 | D        | Reached XP level 8. HP: 64/78 MP: 7/7
   330 | D        | Reached skill level 15 in Axes
   332 | D        | Reached skill level 10 in Fighting
   345 | D        | Reached ****** piety under Makhleb
   469 | D        | Entered arena 8.
   470 | D        | Found a transporter.
   483 | D        | Entered arena 9.
   483 | D        | Noticed a death scarab
   483 | D        | Noticed a flying skull
   483 | D        | Noticed a guardian mummy
   484 | D        | Found a transporter.
   491 | D        | Killed a flying skull
   491 | D        | Killed a death scarab
   492 | D        | Reached skill level 16 in Axes
   492 | D        | Reached skill level 10 in Armour
   492 | D        | Reached skill level 10 in Dodging
   492 | D        | Reached XP level 9. HP: 87/89 MP: 8/8
   493 | D        | Killed a guardian mummy
   494 | D        | Reached skill level 17 in Axes
   610 | D        | Got the amulet of Jotsiffo {RegenMP rElec rC++ rN+ Slay-4}
   615 | D        | Got the amulet of Nukk {Reflect MR- Dex+3 SH+5}
   618 | D        | Entered arena 10.
   619 | D        | Identified the +8 bardiche of Caczup {freeze, *Noise Int+4
                  | Dex+5}
   619 | D        | Found a transporter.
   762 | D        | Entered arena 11.
   762 | D        | Noticed a spriggan rider
   762 | D        | Noticed a spriggan rider
   763 | D        | Found a transporter.
   777 | D        | Reached skill level 18 in Axes
   777 | D        | Reached XP level 10. HP: 92/99 MP: 9/9
   803 | D        | Entered arena 12.
   803 | D        | Noticed a vampire knight
   803 | D        | Noticed a necromancer
   803 | D        | Noticed a vampire mage
   803 | D        | Noticed a necromancer
   803 | D        | Noticed a vampire mage
   804 | D        | Found the +2 shield of Resistance {rF++ rC++ MR++}
   804 | D        | Noticed a necromancer
   805 | D        | Found a transporter.
   809 | D        | Noticed a jiangshi
   809 | D        | Noticed a jiangshi
   809 | D        | Killed a necromancer
   809 | D        | Killed a necromancer
   812 | D        | Killed a necromancer
   813 | D        | HP: 4/101 [something (10)]
   813 | D        | Slain by a vampire mage

Illustrated notes

Levels and vault maps discovered:
D:        sprint_v [room_start, room_1, room_2, room_3, room_4, room_5, room_6,
          room_7, room_8, room_9, room_10, room_11, room_12, room_13, room_14,
          room_15, room_16, room_17, room_18, room_19, room_20, room_21,
          room_22, room_23, room_24, room_25, room_26, room_27]

Skill      XL: |  1  2  3  4  5  6  7  8  9 10 |
---------------+-------------------------------+-----
Axes           | 9 10 11 12 13 14 16 18 | 18.9
Armour         | 1 4 5 7 8 10 11 12 | 12.7
Fighting       | 4 6 8 9 11 12 13 | 13.2
Dodging        | 5 6 7 8 10 11 12 | 12.2
Stealth        | |  1.5

Action                   |  1- 3 |  4- 6 |  7- 9 | 10-12 || total
-------------------------+-------+-------+-------+-------++-------
Melee: Executioner's axe |     5 |    14 |    47 |     5 ||    71
       Headbutt          |     2 |     3 |     9 |     1 ||    15
Evoke: Tin of tremorston |       |       |     1 |     2 ||     3
       Condenser vane    |       |       |     1 |     1 ||     2
  Use: Potion            |     5 |       |     3 |     1 ||     9
 Stab: Invisible         |     1 |       |       |       ||     1
Armor: Gold dragon scale |     2 |     1 |    61 |    31 ||    95
Dodge: Dodged            |     3 |     5 |    62 |     9 ||    79

Table legend: (Time is in decaauts)
 A = Elapsed time spent in this place.
 B = Non-inter-level travel time spent in this place.
 C = Inter-level travel time spent in this place.
 D = Time resting spent in this place.
 E = Time spent auto-exploring this place.
 F = Levels seen in this place.
 G = Mean time per level.
                   A        B        C        D        E       F      G
               +--------+--------+--------+--------+--------+-----+--------+
         Total |    808 |    808 |      0 |    527 |     21 |   1 |  808.0 |
       Dungeon |    808 |    808 |      0 |    527 |     21 |   1 |  808.0 |
               +--------+--------+--------+--------+--------+-----+--------+

Top non-repeatable levels by time:
       D: 808 daAuts
